AoeStats
← Nerfo

Nomad

510204058Analyzed
4v4 RM · 13h ago on Sep 29, 2026· 29m 48s· 8 players
Game mode
Random Map
Map size
231×231
Population
200
Speed
Normal
Resources
Standard
Victory
Conquest
Starting age
Dark Age
Ending age
Imperial Age
RankedLock teamsTeams togetherTeam positionsShared explorationLock speedFull tech treeHidden civsTurbo modeCheats
Victory
Defeat
🇧🇴 Italians · Bolivia
1512
+10
🇨🇱 Byzantines · Chile
1468
+12
1439
+13
🇲🇽 Lithuanians · Mexico
1178
+23
🇨🇱 Koreans · Chile
1388
-15
🇬🇹 Mongols · Guatemala
1376
-15
🇩🇪 Burmese · Germany
1354
-14
🇦🇷 Varangians · Argentina
1347
-14
Nerfo
5:05 Loom
15:46 Feudal Age
22:19 Castle Age
21:09 Horse Collar
22:37 Double-Bit Axe
23:51 Wheelbarrow
26:15 Bow Saw
D==D.Trooper
Thanos 2022
lumpensammler666
6:29 Loom
MXTS | Robert Blond
3:18 Loom
13:57 Feudal Age
19:13 Castle Age
20:39 Scale Barding Armor
20:50 Forging
22:24 Fishing Lines
24:04 Bloodlines
23:55 Husbandry
24:58 Double-Bit Axe
28:06 Chain Barding Armor
28:22 Horse Collar
29:44 Iron Casting
MXTS | ¿Se vale nuevo DLC?
6:33 Loom
14:38 Feudal Age
15:12 Double-Bit Axe
15:52 Fletching
15:46 Fishing Lines
20:24 Castle Age
18:52 Fishing Lines
19:21 Gold Mining
20:00 Stone Mining
21:22 Bow Saw
21:28 Medium Warships
21:09 Gillnets
22:37 Town Watch
28:12 Imperial Age
27:55 Scale Mail Armor
28:26 Spies/Treason
29:23 Elite Urumi Swordsman
30:16 Forging
Vasilyyy
5:28 Loom
13:35 Feudal Age
18:13 Double-Bit Axe
20:57 Castle Age
20:47 Scale Barding Armor
22:15 Chain Barding Armor
27:24 Husbandry
27:38 Forging
29:14 Iron Casting
28:34 Stone Mining
30:37 Wheelbarrow
MXTS | RazMM
5:31 Loom
13:16 Feudal Age
14:56 Double-Bit Axe
18:03 Forging
18:03 Fishing Lines
21:32 Castle Age
21:14 Town Watch
21:50 Fletching
22:46 Bow Saw
22:43 Bodkin Arrow
Connection lost

Rejoining the realm…

Still unreachable

The connection could not be restored.

Session expired

The server has moved on; the page needs a fresh start.